 Dungeon Crawl Stone Soup version 0.28.0-53-g5a82cb258f (webtiles) character file.

Game seed: 11058314761611529054

2680 MisterFreud the Transmogrifier (level 9, 0/85 HPs)
             Began as a Grey Draconian Transmuter on July 17, 2022.
             Was a Priest of Wu Jian.
             Slain by a gnoll sergeant
             ... wielding a +0 spear
              (7 damage)
             ... on level 8 of the Dungeon.
             The game lasted 00:09:43 (9069 turns).

MisterFreud the Transmogrifier (DrTm)               Turns: 9069, Time: 00:09:43

Health: 0/85       AC:  7    Str: 12    XL:     9   Next: 37%
Magic:  9/12       EV: 27    Int: 16    God:    Wu Jian [***...]
Gold:   324        SH:  0    Dex: 14    Spells: 3/12 levels left

rFire   x . .      SeeInvis .     - Unarmed
rCold   + + +      Faith    .   (shield currently unavailable)
rNeg    . . .      Spirit   .   (armour unavailable)
rPois   +          Reflect  .   (helmet currently unavailable)
rElec   .          Harm     .   (cloak currently unavailable)
rCorr   .          Rampage  .   (gloves currently unavailable)
Will    .....                   (boots currently unavailable)
Stlth   +.........              a - amulet of the acrobat
HPRegen 0.24/turn               (no ring)
MPRegen 0.13/turn               (no ring)

@: ice-form, acrobatic
A: freezing attack, boosted hp, AC +12, amphibious, large, unfitting armour,
(cold-blooded)
a: End Transformation, Renounce Religion, Wall Jump, Serpent's Lash


You were on level 8 of the Dungeon.
You worshipped Wu Jian.
Wu Jian was most pleased with you.
You were a creature of crystalline ice.
You visited 1 branch of the dungeon, and saw 8 of its levels.

You collected 324 gold pieces.

Inventory:

Missiles
 l - 6 javelins
 p - 21 poisoned darts
Jewellery
 a - an amulet of the acrobat (around neck)
 b - an amulet of magic regeneration
 e - a ring of magical power
Wands
 n - a wand of acid (22)
 s - a wand of mindburst (31)
 u - a wand of flame (10)
Scrolls
 f - 2 scrolls of teleportation
 v - a scroll of amnesia
Potions
 c - a potion of berserk rage
 g - a potion of resistance
 h - a potion of haste
 i - 5 potions of curing
 j - 4 potions of heal wounds
 k - a potion of cancellation
 m - a potion of ambrosia
 o - a potion of brilliance
 q - a potion of flight
 t - a potion of might {unknown}


   Skills:
 - Level 4.0 Fighting
 - Level 6.0 Dodging
 - Level 6.0 Unarmed Combat
 - Level 2.0 Spellcasting
 + Level 8.5 Transmutations
 - Level 4.0 Ice Magic


You had 3 spell levels left.
You knew the following spells:

 Your Spells              Type           Power      Damage    Failure   Level
a - Ice Form              Ice/Tmut       21%        N/A       16%         4
b - Wereblood             Tmut           28%        N/A       1%          2
c - Spider Form           Tmut/Pois      15%        N/A       11%         3

Your spell library contained the following spells:

 Spells                   Type           Power      Damage    Failure   Level
 Beastly Appendage        Tmut           56%        N/A       1%          1
 Dazzling Flash           Conj/Hex       2%         N/A       52%         3
 Stone Arrow              Conj/Erth      2%         3d7       52%         3
 Tukima's Dance           Hex            1%         N/A       52%         3
 Yara's Violent Unravell  Hex/Tmut       7%         3d5       69%         5
 Iskenderun's Mystic Bla  Conj/Tloc      1%         2d3       90%         4
 Passage of Golubria      Tloc           1%         N/A       90%         4
 Starburst                Conj/Fire      0%         6d3       100%        6
 Lehudib's Crystal Spear  Conj/Erth      0%         10d2      100%        8
 Animate Armour           Summ/Erth      Unusable   N/A       N/A         4

Dungeon Overview and Level Annotations

Branches:
Dungeon (8/15)             Temple (0/1) D:4
   Lair: D:8-11

Altars:
Hepliaklqana
Kikubaaqudgha
Okawaru
Qazlal
Sif Muna
Trog
Vehumet
Wu Jian
Xom
Zin
The Shining One

Shops:
D:5 *   D:7 [

Annotations:
D:6 2 transporters


Innate Abilities, Weirdness & Mutations

You are a creature of crystalline ice.
You have a powerful freezing melee attack.
Your maximum health is increased.
Your armour is entirely melded.
You are incapable of wielding weapons or throwing items.
((Your dull iron-grey scales are very hard. (AC +12)))
You are amphibious.
You cannot fit into any form of body armour.
((You are cold-blooded and may be slowed by cold attacks.))


Message History

The gnoll sergeant hits you with a +0 spear.
The gnoll barely misses you.
The gnoll hits you from afar with a +0 halberd.
Things that are here:
a +0 club; a gnoll corpse You punch the gnoll sergeant!
You freeze the gnoll sergeant.
The gnoll sergeant is moderately wounded.
The gnoll hits you with a +0 spear.
You barely miss the gnoll sergeant.
The gnoll sergeant is moderately wounded.
The gnoll throws a throwing net.
The throwing net hits you.
You become entangled in the net!
The gnoll sergeant hits you with a +0 spear.
The gnoll barely misses you.
You struggle against the net.
The gnoll hits you from afar with a +0 halberd!
The gnoll sergeant hits you with a +0 spear.
The gnoll hits you with a +0 spear.
You are held in a net!
You are held in a net!
You are held in a net!
You tear a large gash into the net.
The gnoll hits you from afar with a +0 halberd!
The gnoll sergeant hits you with a +0 spear!
* * * LOW HITPOINT WARNING * * *
The gnoll hits you but does no damage.
You shred the net and break free!
The gnoll throws a throwing net.
The throwing net misses you. The gnoll sergeant misses you.
The gnoll closely misses you.
You spin and attack the gnoll sergeant.
You punch the gnoll sergeant! You freeze the gnoll sergeant.
The gnoll sergeant is severely wounded.
The gnoll sergeant hits you with a +0 spear!
* * * LOW HITPOINT WARNING * * *
The gnoll hits you from afar with a +0 spear.
* * * LOW HITPOINT WARNING * * *
Things that are here:
a +0 club; a gnoll corpse The gnoll sergeant hits you from afar with a +0 spear!
You die...

. .. ###
... #.+
....
#.#+#.....
##)#g......
#Y)g.......
###g#######
##.. .≈..
.§.≈≈≈
.≈≈...
.≈≈._.
§≈§..)


You could see a gnoll sergeant and 2 gnolls.

Vanquished Creatures
  A deep elf pyromancer (D:7)
  A komodo dragon (D:7)
  Sigmund (D:6)
  Edmund (D:5)
  A water moccasin (D:5)
  An orc warrior (D:6)
  2 sky beasts
  A black bear (D:7)
  A necrophage (D:5)
  2 phantoms (D:5)
  A kobold brigand (D:5)
  3 bullfrogs
  3 scorpions
  2 hounds
  4 orc priests
  A gnoll shaman (D:6)
  2 iguanas (D:6)
  A scorpion zombie (D:5)
  7 gnolls
  A howler monkey skeleton (D:6)
  8 adders
  3 river rats (D:3)
  3 worms
  2 dart slugs
  13 orcs
  7 ball pythons
  9 endoplasms
  A giant cockroach (D:2)
  6 goblins
  2 hobgoblins (D:2)
  9 jackals
  7 kobolds
  A quokka (D:3)
  A bat (D:1)
  A frilled lizard (D:1)
  8 rats
118 creatures vanquished.

Notes
Turn   | Place    | Note
-------+----------+-------------------------------------------
     0 | D:1      | MisterFreud the Draconian Transmuter began the quest for
                  | the Orb.
     0 | D:1      | Reached XP level 1. HP: 16/16 MP: 3/3
    28 | D:1      | Found a faded altar of an unknown god.
    35 | D:1      | Prayed at the altar of an unknown god.
    35 | D:1      | Became a worshipper of the Wu Jian Council
    35 | D:1      | Reached * piety under Wu Jian
   594 | D:1      | Reached XP level 2. HP: 23/23 MP: 3/5
   813 | D:1      | Reached skill level 3 in Transmutations
  1759 | D:2      | Reached XP level 3. HP: 28/28 MP: 6/6
  1773 | D:2      | Learned a level 2 spell: Wereblood
  1777 | D:2      | Learned a level 3 spell: Spider Form
  1902 | D:2      | Reached skill level 4 in Transmutations
  2381 | D:2      | Reached ** piety under Wu Jian
  2518 | D:3      | Reached XP level 4. HP: 35/35 MP: 7/7
  2956 | D:3      | Reached skill level 5 in Transmutations
  3007 | D:3      | HP: 1/35 [river rat (7)]
  3043 | D:3      | Found a glowing drain.
  3062 | D:3      | Reached XP level 5. HP: 12/40 MP: 5/8
  3568 | D:4      | Found an iron altar of Okawaru.
  3708 | D:4      | Found a staircase to the Ecumenical Temple.
  3733 | D:4      | Found a glowing golden altar of the Shining One.
  4067 | D:4      | Found a hazy altar of Hepliaklqana.
  4096 | D:4      | Found a radiant altar of Vehumet.
  4304 | D:5      | Entered Level 5 of the Dungeon
  4388 | D:5      | Noticed a phantom
  4396 | D:4      | Found a shimmering altar of Xom.
  4515 | D:5      | Killed a phantom
  4516 | D:5      | Reached XP level 6. HP: 36/51 MP: 6/9
  4793 | D:5      | Found an ancient bone altar of Kikubaaqudgha.
  4803 | D:5      | Noticed a water moccasin
  5176 | D:5      | Killed a water moccasin
  5177 | D:5      | Reached skill level 5 in Unarmed Combat
  5206 | D:5      | Noticed Edmund
  5227 | D:5      | Killed Edmund
  5228 | D:5      | Your scales start taking on a dull iron-grey colour.
  5228 | D:5      | Reached XP level 7. HP: 15/59 MP: 8/10
  5488 | D:5      | Found a glowing silver altar of Zin.
  5543 | D:5      | Learned a level 4 spell: Ice Form
  5790 | D:5      | Found Soareumu's Elemental Accessories.
  5982 | D:5      | Reached XP level 8. HP: 66/66 MP: 5/11
  6178 | D:6      | Reached skill level 5 in Dodging
  6231 | D:6      | Noticed Sigmund
  6232 | D:6      | Reached *** piety under Wu Jian
  6262 | D:6      | Killed Sigmund
  6565 | D:6      | Reached skill level 1 in Ice Magic
  6778 | D:6      | Found a stormy altar of Qazlal.
  7261 | D:6      | Found a transporter.
  7349 | D:6      | Found a transporter.
  7363 | D:6      | Reached skill level 6 in Transmutations
  8101 | D:7      | Noticed a deep elf pyromancer
  8115 | D:7      | Killed a deep elf pyromancer
  8116 | D:7      | Reached skill level 7 in Transmutations
  8116 | D:7      | Reached XP level 9. HP: 14/71 MP: 9/12
  8409 | D:7      | Found Useokh's Armour Shop.
  8505 | D:7      | Found a bloodstained altar of Trog.
  8801 | D:7      | Noticed a komodo dragon
  8810 | D:7      | Killed a komodo dragon
  8811 | D:7      | Reached skill level 8 in Transmutations
  9051 | D:8      | Found a shimmering blue altar of Sif Muna.
  9069 | D:8      | Slain by a gnoll sergeant

Illustrated notes

Levels and vault maps discovered:
D:1:      nagdon_arrival_zigzag_paths, layout_loops_ring,
          basic_ecumenical_altar, serial_forest, infiniplex_forest_end_2,
          infiniplex_forest_lined_room_3, infiniplex_forest_join,
          infiniplex_forest_straight_1, infiniplex_forest_end_3,
          infiniplex_forest_clump_small, infiniplex_forest_lined_corner,
          infiniplex_forest_lined_corner
D:2:      layout_loops_corners
D:3:      layout_basic, lightli_sewer_entry_pipes
D:4:      layout_loops_ring, nzn_hepliaklqana_mist_gate,
          nicolae_overflow_hidden_temple, minmay_temple_entry_large_hall
D:5:      layout_basic, nicolae_kikubaaqudgha_miasma_corner,
          mainiacjoe_overflow_catwalk, hangedman_abyss_or_decor_stabs,
          nicolae_elemental_shop, uniq_edmund
D:6:      gammafunk_steamed_eel, layout_loops_corners,
          mainiacjoe_overflow_alcove_2, enter_ossuary_5, sigmund_army
D:7:      layout_basic, trog_three_pillars_becter, serial_shops,
          nicolae_shop_waterfront
D:8:      layout_basic, lightli_temple_of_fire, mainiacjoe_overflow_paths,
          serial_shops, kennysheep_mini

Skill      XL: |  1  2  3  4  5  6  7  8  9 |
---------------+----------------------------+-----
Transmutations | 3 4 5 7 8 |  8.5
Fighting       | 3 4 |  4.0
Unarmed Combat | 4 5 6 |  6.0
Dodging        | 4 6 |  6.0
Ice Magic      | 4 |  4.0
Spellcasting   | |  2.0

Action                   |  1- 3 |  4- 6 |  7- 9 || total
-------------------------+-------+-------+-------++-------
Melee: Unarmed           |    80 |   150 |   203 ||   433
       Kick              |    15 |     7 |       ||    22
       Headbutt          |    14 |     5 |       ||    19
       Tailslap          |     6 |    12 |     8 ||    26
       Punch             |     1 |     2 |     3 ||     6
 Cast: Beastly Appendage |    22 |     9 |       ||    31
       Spider Form       |       |    11 |    11 ||    22
       Ice Form          |       |       |     6 ||     6
Invok: Lunge             |    10 |     4 |    17 ||    31
       Whirlwind         |     1 |     1 |     2 ||     4
  Use: Scroll            |     6 |     4 |    10 ||    20
       Potion            |       |     1 |       ||     1
 Stab: Distracted        |       |     2 |       ||     2
       Sleeping          |       |     1 |       ||     1
Armor: Skin              |    12 |    16 |    26 ||    54
Dodge: Dodged            |    38 |    97 |   128 ||   263
